[Event "Early-Titled-Tuesday-Blitz-October-10-2023"]
[Site "Chess.com"]
[Date "2023.10.10"]
[Round "5"]
[White "BJthechessgod"]
[Black "karwowskikacper"]
[Result "0-1"]
[WhiteElo "2379"]
[BlackElo "2541"]
[TimeControl "180+1"]
[EndTime "8:53:03 PDT"]
[Termination "karwowskikacper won by resignation"]

1. e4 c6 2. d4 d5 3. e5 c5 4. dxc5 e6 5. Nf3 Bxc5 6. a3 a5 7. Nc3 Qb6 8. Qe2 a4 9. Qb5+ Bd7 10. Qxb6 Bxb6 11. Bd3 Ne7 12. Bg5 Ng6 13. Nb5 Bxb5 14. Bxb5+ Nc6 15. h4 h6 16. Bd2 O-O 17. Bxc6 bxc6 18.
h5 Ne7 19. Rh4 Rfb8 20. Rb4 Bc5 21. Rxb8+ Rxb8 22. Bc3 Ba7 23. Rb1 c5 24. Ke2 d4 25.
Be1 Nd5 26. g3 c4 27. Rd1 Rxb2 28. Nxd4 Bxd4 29. Rxd4 Rxc2+ 30. Kd1 Ra2 31. Rxc4 Rxa3 32. Kc2 Ra2+ 33. Kd3 Kh7 34. Bd2 g6 35. Rc7 Nxc7 0-1

[Event "Early-Titled-Tuesday-Blitz-October-10-2023"]
[Site "Chess.com"]
[Date "2023.10.10"]
[Round "5"]
[White "Ural_bogatyr"]
[Black "falzehope0"]
[Result "1/2-1/2"]
[WhiteElo "2520"]
[BlackElo "2322"]
[TimeControl "180+1"]
[EndTime "8:53:03 PDT"]
[Termination "Game drawn by repetition"]

1. d4 e6 2. e4 d5 3. Nc3 f5 4. exf5 exf5 5. Nf3 Nf6 6. Bg5 c6 7. Ne5 Be7 8. Bd3 O-O 9. O-O Qb6 10. Re1 Qxb2 11.
Na4 Qa3 12. c3 b5 13. Nc5 Bxc5 14. dxc5 Qxc5 15. Bxf6 Rxf6 16. Qh5 Qf8 17. Ng4 Rf7 18. Re3 Nd7 19. Rae1 Bb7 20. Rh3 Nf6 21. Qxf5 Bc8 22. Qxh7+ Nxh7 23. Bxh7+ Kh8 24. Bg6+ Kg8 25. Bh7+ Kh8 26.
Bg6+ Kg8 27. Bh7+ 1/2-1/2

[Event "Early-Titled-Tuesday-Blitz-October-10-2023"]
[Site "Chess.com"]
[Date "2023.10.10"]
[Round "5"]
[White "chenrip"]
[Black "AlexPapasimakopoulos"]
[Result "0-1"]
[WhiteElo "2492"]
[BlackElo "2702"]
[TimeControl "180+1"]
[EndTime "8:53:04 PDT"]
[Termination "AlexPapasimakopoulos won on time"]

1. e4 e6 2. d4 d5 3. Nc3 Bb4 4. e5 c5 5. a3 Bxc3+ 6. bxc3 Nc6 7. Qg4 g6 8. Nf3 Bd7 9. h4 h6 10. Bd3 c4 11. Bxg6 fxg6 12. Qxg6+ Kf8 13. Ng5 hxg5 14. Rh3 g4 15. Qxg4 Nce7 16. Qf4+ Nf5 17. g4 Rxh4 18. Rf3 Qe7 19. Qg3 Rh1+ 20. Ke2 Qh4 21. gxf5 Qxg3 22.
Rxg3 exf5 23. a4 Kf7 24. Bb2 Rxa1 25. Bxa1 Bxa4 26. Kd2 Ne7 27. Bb2 Rh8 28. Ba3 Rh7 29. Bd6 Bd7 30. Rg2 Ng6 0-1

[Event "Early-Titled-Tuesday-Blitz-October-10-2023"]
[Site "Chess.com"]
[Date "2023.10.10"]
[Round "5"]
[White "Balla_Tamas"]
[Black "ama18"]
[Result "0-1"]
[WhiteElo "2424"]
[BlackElo "2555"]
[TimeControl "180+1"]
[EndTime "8:53:06 PDT"]
[Termination "ama18 won by resignation"]

1. e4 c5 2. c3 d5 3. exd5 Qxd5 4. d4 g6 5. Nf3 Bg7 6. Be3 cxd4 7. cxd4 Nh6 8. Nc3 Qd8 9. Bd3 O-O 10. h3 Nf5 11.
Bc2 Nc6 12. d5 Nb4 13. Bb3 Nxe3 14. fxe3 Bf5 15. e4 Bd7 16. O-O Na6 17. Kh1 Nc5 18. Bc4 Bxc3 19. bxc3 Nxe4 20. Qd4 Ng3+ 21. Kh2 Nxf1+ 22. Rxf1 f6 23. Re1 Kg7 24. Ng5 Re8 25.
Ne6+ Bxe6 26. Rxe6 a6 27. Bb3 b5 28. Qe4 Rc8 29.
Rxa6 Qc7+ 30. Kh1 Qxc3 31. d6 exd6 32. Ra7+ Kh8 33. Qh4 Qe1+ 34. Qxe1 Rxe1+ 35. Kh2 Rd8 36. g4 d5 37. h4 d4 38. g5 fxg5 39. hxg5 d3 40. Kg3 d2 0-1

[Event "Early-Titled-Tuesday-Blitz-October-10-2023"]
[Site "Chess.com"]
[Date "2023.10.10"]
[Round "5"]
[White "lluiss"]
[Black "Battever"]
[Result "0-1"]
[WhiteElo "2188"]
[BlackElo "2520"]
[TimeControl "180+1"]
[EndTime "8:53:06 PDT"]
[Termination "Battever won by resignation"]

1. Nf3 Nf6 2. d4 e6 3. Bf4 c5 4. e3 Nc6 5. c3 h6 6. h3 d5 7. Nbd2 Bd6 8. Bxd6 Qxd6 9. Bd3 e5 10. dxe5 Nxe5 11. Nxe5 Qxe5 12. Nf3 Qe7 13. O-O O-O 14. Re1 b6 15. Qe2 Bb7 16. Ba6 Bc6 17. Bb5 Bb7 18. Ba6 Rfe8 19. Bxb7 Qxb7 20. Qc2 Rad8 21.
Red1 a5 22. a4 Ne4 23. c4 Nf6 24. cxd5 Nxd5 25. Qc4 Nb4 26. Qb3 Qe4 27. Rac1 Rd3 28. Rxd3 Qxd3 29. Rc3 Qb1+ 30. Kh2 Qf1 31. Kg3 Re6 32.
Nh4 Rf6 33. f3 Qe1+ 0-1

[Event "Early-Titled-Tuesday-Blitz-October-10-2023"]
[Site "Chess.com"]
[Date "2023.10.10"]
[Round "5"]
[White "DefiantChair"]
[Black "JoliyRoger"]
[Result "1-0"]
[WhiteElo "2611"]
[BlackElo "2467"]
[TimeControl "180+1"]
[EndTime "8:53:08 PDT"]
[Termination "DefiantChair won on time"]

1. e4 c6 2. d4 d5 3. e5 Bf5 4. Nf3 e6 5. Be2 a6 6. O-O Nd7 7. Nbd2 Ne7 8. a4 a5 9. Nb3 h6 10. Bd2 g5 11. Ne1 Bg6 12. Bd3 Bg7 13. f4 gxf4 14.
Bxf4 Qb6 15. Kh1 Nf5 16. Nf3 Rg8 17. Qd2 Rh8 18. h3 Qb4 19. Qd1 c5 20. Bd2 Qb6 21.
Bxf5 Bxf5 22. dxc5 Qc7 23. Nfd4 Bg6 24. Nb5 Qb8 25. Nd6+ Ke7 26. Bc3 Nxe5 27. Qe1 f6 28. Bxe5 fxe5 29. Qg3 1-0

[Event "Early-Titled-Tuesday-Blitz-October-10-2023"]
[Site "Chess.com"]
[Date "2023.10.10"]
[Round "5"]
[White "MagnusCarlsen"]
[Black "Drags95"]
[Result "1-0"]
[WhiteElo "3282"]
[BlackElo "2882"]
[TimeControl "180+1"]
[EndTime "8:53:10 PDT"]
[Termination "MagnusCarlsen won by resignation"]

1. e4 c5 2. Nf3 e6 3. Nc3 Nc6 4. h4 d5 5. Bb5 Ne7 6. Ne5 Bd7 7. Nxd7 Qxd7 8. h5 h6 9. a4 a6 10. Bxc6 Nxc6 11. a5 Be7 12. d3 O-O 13. O-O dxe4 14. Nxe4 Nd4 15. Be3 Rac8 16. Re1 Nf5 17. Bf4 c4 18.
dxc4 Qxd1 19. Raxd1 Rxc4 20. c3 Rd8 21. f3 Rc6 22. b4 Nd6 23. Nxd6 Bxd6 24. c4 Kf8 25. c5 Be7 26. g4 Ke8 27. Rxd8+ Bxd8 28. Be5 f6 29. Bd6 e5 30. f4 Bc7 31. fxe5 fxe5 32. Rxe5+ Kd8 33. Bxc7+ Rxc7 34. Kf2 Rd7 35. Ke3 Kc7 36.
Re6 Rf7 37. Rg6 Re7+ 38. Kf4 Kd7 39. Kf5 Ke8 40. Re6 1-0

[Event "Early-Titled-Tuesday-Blitz-October-10-2023"]
[Site "Chess.com"]
[Date "2023.10.10"]
[Round "5"]
[White "LangesNasenhaar"]
[Black "Mikhail_Bryakin"]
[Result "0-1"]
[WhiteElo "2557"]
[BlackElo "2797"]
[TimeControl "180+1"]
[EndTime "8:53:12 PDT"]
[Termination "Mikhail_Bryakin won by checkmate"]

1. d4 d6 2. Nc3 Nf6 3. e4 e5 4. Nf3 Nbd7 5. Rg1 c6 6. g4 h6 7. h4 Qc7 8. g5 hxg5 9. hxg5 Nh5 10. g6 fxg6 11. dxe5 Nxe5 12. Nxe5 dxe5 13. Rxg6 Nf4 14. Bxf4 exf4 15. Qf3 Qe5 16. O-O-O Be6 17. Kb1 Bf7 18. Rg1 g5 19. Bh3 Bb4 20. Rd7 Bxc3 21. bxc3 Qb5+ 22. Kc1 Rh4 23. e5 Qxe5 24. Rgd1 Kf8 25. Rxb7 Bd5 26. Rxd5 Qxd5 27. Qe2 Re8 28. Qa6 Rxh3 29. Qxa7 Rxc3 30. Rh7 Rxc2+ 31. Kxc2 Qc4+ 32. Kd1 Qd3+ 33. Kc1 Re1+ 34. Kb2 Rb1# 0-1

[Event "Early-Titled-Tuesday-Blitz-October-10-2023"]
[Site "Chess.com"]
[Date "2023.10.10"]
[Round "5"]
[White "atalz0"]
[Black "djano"]
[Result "0-1"]
[WhiteElo "2486"]
[BlackElo "2671"]
[TimeControl "180+1"]
[EndTime "8:53:12 PDT"]
[Termination "djano won on time"]

1. d4 d5 2. c4 e6 3. Nc3 c5 4. cxd5 cxd4 5. Qxd4 Nc6 6. Qd1 exd5 7. Qxd5 Bd6 8. Bg5 Nf6 9. Qf3 Nd4 10. Qd3 Be5 11. Nf3 Nxf3+ 12. exf3 Qa5 13. Qb5+ Qxb5 14. Bxb5+ Kf8 15.
O-O h6 16. Be3 Be6 17. Rfc1 g5 18. Rc2 Bf5 19. Re2 Kg7 20. Rd1 a6 21. Bd3 Be6 22.
Bb1 Rac8 23. Bd4 Bxd4 24. Rxd4 Bc4 25. Red2 b5 26. g3 Rhe8 27. Ne4 Ng8 0-1

[Event "Early-Titled-Tuesday-Blitz-October-10-2023"]
[Site "Chess.com"]
[Date "2023.10.10"]
[Round "5"]
[White "LamaChampetre"]
[Black "PatzerSmashers"]
[Result "0-1"]
[WhiteElo "2242"]
[BlackElo "2418"]
[TimeControl "180+1"]
[EndTime "8:53:13 PDT"]
[Termination "PatzerSmashers won on time"]

1. d4 d5 2. c4 e6 3. Nf3 Nf6 4. g3 dxc4 5. Bg2 Bb4+ 6. Bd2 c5 7. O-O O-O 8. Bg5 h6 9. Bxf6 Qxf6 10. a3 Ba5 11. Qa4 Nc6 12. Qxc4 cxd4 13. b4 Bb6 14. Nbd2 e5 15. Ne4 Qg6 16. Nc5 Re8 17. a4 Qd6 18.
a5 Bxc5 19. bxc5 Qc7 20. a6 bxa6 21. Nxe5 Rxe5 0-1

[Event "Early-Titled-Tuesday-Blitz-October-10-2023"]
[Site "Chess.com"]
[Date "2023.10.10"]
[Round "5"]
[White "vedantgoswami"]
[Black "AleksandrAleksikov"]
[Result "0-1"]
[WhiteElo "2380"]
[BlackElo "2228"]
[TimeControl "180+1"]
[EndTime "8:53:14 PDT"]
[Termination "AleksandrAleksikov won by resignation"]

1. c3 d5 2. d4 Bf5 3. Bf4 e6 4. Qb3 b6 5. c4 Nf6 6. Nc3 Bd6 7.
Bxd6 Qxd6 8. Nf3 O-O 9. e3 c6 10. cxd5 exd5 11. Rd1 Nbd7 12. Be2 Rfe8 13. O-O Ne4 14.
Nxe4 Bxe4 15. Nd2 Bf5 16. Qa4 a5 17. Rc1 Re6 18. a3 b5 19. Qb3 a4 20. Qc3 Nb6 21. Qc5 Nc4 22. Qxd6 Rxd6 23. Bxc4 bxc4 24. e4 Bg6 25. f4 f6 26. f5 Bh5 27. e5 Rdd8 28.
Nf3 Rab8 29. Rc2 Rb3 30. h3 Bxf3 31. Rxf3 Rxf3 32. gxf3 fxe5 33. dxe5 Rf8 34. Re2 Rxf5 35. e6 Kf8 36. e7+ Ke8 37. Re6 Rf6 38. Re5 Rxf3 39. Kg2 Rf7 0-1

[Event "Early-Titled-Tuesday-Blitz-October-10-2023"]
[Site "Chess.com"]
[Date "2023.10.10"]
[Round "5"]
[White "ozates"]
[Black "SaqoChess_Twitch"]
[Result "1/2-1/2"]
[WhiteElo "2763"]
[BlackElo "2626"]
[TimeControl "180+1"]
[EndTime "8:53:15 PDT"]
[Termination "Game drawn by stalemate"]

1. c4 Nf6 2. Nc3 e6 3. d4 d5 4. cxd5 Nxd5 5. e4 Nxc3 6. bxc3 c5 7. Rb1 cxd4 8. cxd4 Nc6 9. Bb5 Bd7 10. Nf3 Bb4+ 11.
Bd2 Bxd2+ 12. Qxd2 O-O 13. O-O a6 14. Bd3 b5 15.
Rfd1 Ne7 16. Rbc1 h6 17. Ne5 Rc8 18. Rxc8 Bxc8 19. Qb4 Bb7 20. a4 Nc6 21. Nxc6 Bxc6 22. Rc1 Bd7 23. axb5 Bxb5 24. Bxb5 axb5 25. Rd1 Qa8 26.
d5 exd5 27. exd5 Qa4 28. Qxa4 bxa4 29. d6 Rd8 30. Kf1 Kf8 31. Ke2 a3 32. Ke3 a2 33.
Ra1 Ra8 34. Kd4 Ke8 35. Kc3 Kd7 36. Kb2 Kxd6 37. Rxa2 Rxa2+ 38. Kxa2 Kd5 39. Kb3 Kd4 40.
Kc2 f5 41. Kd2 g5 42. Ke2 g4 43. f3 h5 44. Kf2 h4 45. fxg4 fxg4 46. Ke2 Ke4 47. Kf2 Kd3 48. h3 g3+ 49. Kf1 Kd2 50. Kg1 Ke2 51. Kh1 Ke3 52. Kg1 Kd3 53. Kh1 Kd2 54.
Kg1 Ke1 55. Kh1 Kf2 1/2-1/2

[Event "Early-Titled-Tuesday-Blitz-October-10-2023"]
[Site "Chess.com"]
[Date "2023.10.10"]
[Round "5"]
[White "BeautiFullMindChess"]
[Black "Better_Chess_Faster"]
[Result "1-0"]
[WhiteElo "2267"]
[BlackElo "2047"]
[TimeControl "180+1"]
[EndTime "8:53:15 PDT"]
[Termination "BeautiFullMindChess won by resignation"]

1. e4 Nf6 2. e5 Nd5 3. d4 d6 4.
Nf3 dxe5 5. Nxe5 c6 6. Bd3 g6 7. h3 Bg7 8. Nf3 O-O 9. O-O Nd7 10. Re1 Qc7 11. c3 e5 12. dxe5 Nxe5 13. Nxe5 Bxe5 14. Bh6 Bg7 15. Bxg7 Kxg7 16. Nd2 Qf4 17. Re4 Qf6 18.
Re1 Bf5 19. Bxf5 Qxf5 20. Nc4 Qf6 21. Ne5 Rad8 22. Ng4 Qf4 23. g3 Qc4 24. Qf3 f5 25. Ne5 Qc5 26. Nd3 Qb6 27. c4 Nb4 28. Nf4 Nc2 29. Qc3+ Nd4 30. Ne6+ Kg8 31. c5 Qb5 32. Nxd4 Rfe8 33. Nxb5 1-0

[Event "Early-Titled-Tuesday-Blitz-October-10-2023"]
[Site "Chess.com"]
[Date "2023.10.10"]
[Round "5"]
[White "dosto07"]
[Black "RETURNOFTHELAGGER"]
[Result "0-1"]
[WhiteElo "2513"]
[BlackElo "2677"]
[TimeControl "180+1"]
[EndTime "8:53:17 PDT"]
[Termination "RETURNOFTHELAGGER won on time"]

1. e4 c5 2. Nf3 d6 3. Bb5+ Nc6 4.
d4 cxd4 5. Qxd4 Bd7 6. Bxc6 Bxc6 7. Nc3 Nf6 8. Bg5 e6 9. O-O-O Be7 10. Rhe1 O-O 11. Kb1 h6 12. Bh4 b5 13. Bxf6 gxf6 14. e5 Bxf3 15. gxf3 fxe5 16. Qg4+ Kh7 17. Rxe5 b4 18.
Ne2 dxe5 19. Rxd8 Raxd8 20. b3 Rd1+ 21. Kb2 Rfd8 22. Qe4+ Kg7 23. Qg4+ Kf8 24. Qh5 Bf6 25. Qxh6+ Bg7 26. Qg5 e4+ 27. c3 R8d2+ 0-1

[Event "Early-Titled-Tuesday-Blitz-October-10-2023"]
[Site "Chess.com"]
[Date "2023.10.10"]
[Round "5"]
[White "farzadbfd"]
[Black "artooon"]
[Result "0-1"]
[WhiteElo "2702"]
[BlackElo "2998"]
[TimeControl "180+1"]
[EndTime "8:53:20 PDT"]
[Termination "artooon won by checkmate"]

1. e4 c5 2. Nc3 Nc6 3. g3 h5 4. h3 Nf6 5. Bg2 e6 6. Nge2 d5 7. exd5 exd5 8. d4 cxd4 9. Nxd4 Bc5 10.
Be3 Na5 11. O-O O-O 12. Bg5 Be6 13. Nce2 Nc6 14. Nxe6 fxe6 15. Nf4 Qd6 16. Kh2 Rae8 17.
Nxh5 Ne4 18. Bxe4 dxe4 19. Qxd6 Bxd6 20. Be3 Ne5 21. Nf4 Nc4 22. b3 Nxe3 23. fxe3 Bc5 24. Rae1 Rd8 25. Rd1 Bxe3 26. Nxe6 Rxd1 27. Rxf8+ Kh7 28.
g4 Rd6 29. Re8 Rd2+ 30. Kg3 Rxc2 31. h4 Kg6 32. Nd8 Bb6 33. Re6+ Kh7 34. Nf7 Rc3+ 35. Kf4 Rf3+ 36. Kxe4 Rxf7 37. h5 Bd8 38. Re5 Bc7 39. Re6 Rf4+ 40. Kd5 Rxg4 41. Re7 Bb6 42. Rxb7 Kh6 43. a4 Rb4 44. Kc6 Rxb3 45. a5 Rc3+ 46. Kb5 Rc5+ 47. Ka6 Rxa5# 0-1

[Event "Early-Titled-Tuesday-Blitz-October-10-2023"]
[Site "Chess.com"]
[Date "2023.10.10"]
[Round "5"]
[White "ploxoi"]
[Black "FoxOnTheRun97"]
[Result "1-0"]
[WhiteElo "2442"]
[BlackElo "2537"]
[TimeControl "180+1"]
[EndTime "8:53:22 PDT"]
[Termination "ploxoi won by resignation"]

1. d4 Nf6 2. c4 e6 3. g3 d5 4. Nf3 Bb4+ 5. Bd2 Be7 6. Bg2 O-O 7. O-O c6 8. Qc2 b6 9. Rd1 Ba6 10. b3 b5 11. c5 Nbd7 12. a3 Ne4 13. Bf4 f6 14.
Nc3 Nxc3 15. Qxc3 b4 16. axb4 Bxe2 17. Re1 Bxf3 18. Bxf3 e5 19. b5 exf4 20. bxc6 Nb8 21. c7 Qxc7 22. Bxd5+ Kh8 23. Bxa8 fxg3 24. hxg3 f5 25. Qa5 Qc8 26. Rxe7 f4 27. Qc7 Qg4 28.
Qxf4 Qc8 29. Rf7 Rg8 30. Bb7 Qd8 31. Rxa7 Nd7 32. Bd5 Nf6 33. Rxf6 Qxd5 34. Rf8 1-0

[Event "Early-Titled-Tuesday-Blitz-October-10-2023"]
[Site "Chess.com"]
[Date "2023.10.10"]
[Round "5"]
[White "zverr1"]
[Black "LaPiToB"]
[Result "1-0"]
[WhiteElo "2497"]
[BlackElo "2289"]
[TimeControl "180+1"]
[EndTime "8:53:23 PDT"]
[Termination "zverr1 won by checkmate"]

1. d4 Nf6 2. c4 e6 3. Nf3 d5 4. g3 dxc4 5. Bg2 c5 6. O-O Nc6 7. Ne5 Bd7 8. Na3 cxd4 9. Naxc4 Bc5 10. Bf4 O-O 11. Rc1 Rc8 12. a3 Nd5 13. Bxd5 exd5 14.
Nxd7 Qxd7 15. Ne5 Nxe5 16. Bxe5 Qg4 17. f3 Qe6 18. Bxd4 Bxd4+ 19. Qxd4 Qxe2 20. Rce1 Qb5 21. Rf2 a6 22. Re5 Rfd8 23. Kg2 h6 24. g4 Rc4 25.
Qe3 Qc6 26. g5 d4 27. Qd3 Rd5 28. Rfe2 Rxe5 29. Rxe5 g6 30. gxh6 Kh7 31. Re7 Rc2+ 32. Kh3 Qc8+ 33. Kg3 Qb8+ 34. f4 Rc7 35. Qxd4 Rxe7 36.
Qg7# 1-0

[Event "Early-Titled-Tuesday-Blitz-October-10-2023"]
[Site "Chess.com"]
[Date "2023.10.10"]
[Round "5"]
[White "FischerKasparow"]
[Black "NovikovaGalina"]
[Result "0-1"]
[WhiteElo "2117"]
[BlackElo "2436"]
[TimeControl "180+1"]
[EndTime "8:53:23 PDT"]
[Termination "NovikovaGalina won by resignation"]

1. e4 e6 2. d4 d5 3. e5 c5 4.
c3 Nc6 5. Nf3 Bd7 6. Be2 Qc7 7.
O-O f6 8. exf6 Nxf6 9. Bg5 Bd6 10. Nbd2 O-O 11. dxc5 Bxc5 12. Nb3 Bd6 13. Nbd4 a6 14. Nxc6 bxc6 15. Bh4 e5 16. Bg3 a5 17. Qc2 Ne4 18. Bd3 Bf5 19. Nh4 Nxg3 20. fxg3 Bxd3 21. Qxd3 e4 22. Qd2 Qd7 23. Kh1 a4 24. Qg5 Qe7 25.
Qg4 Be5 26. Nf5 Qe6 27. Ne3 Qxg4 28. Nxg4 Bd6 29. a3 Rab8 30. Rab1 Rxf1+ 31. Rxf1 Rxb2 32. Ne3 Bxa3 33. Nf5 Bf8 34. Nd4 a3 35. Ne6 Bd6 36.
Nd4 a2 0-1

[Event "Early-Titled-Tuesday-Blitz-October-10-2023"]
[Site "Chess.com"]
[Date "2023.10.10"]
[Round "5"]
[White "ivana_999"]
[Black "Willi_Skibbe"]
[Result "1-0"]
[WhiteElo "2058"]
[BlackElo "2216"]
[TimeControl "180+1"]
[EndTime "8:53:23 PDT"]
[Termination "ivana_999 won on time"]

1. d4 Nf6 2. c4 g6 3. Nc3 Bg7 4. e4 d6 5. f4 O-O 6. Nf3 Nc6 7.
d5 Nb8 8. Be2 e5 9. fxe5 dxe5 10.
O-O Nbd7 11. Be3 b6 12. b4 Qe7 13. a3 a5 14. Nb5 Ne8 15. Bg5 f6 16. d6 Qf7 17. Be3 cxd6 18. Nxd6 Nxd6 19. Qxd6 Bb7 20. Ng5 Qe8 21. Ne6 Rf7 22. Nc7 Qf8 23. Qxf8+ Raxf8 24. bxa5 bxa5 25. Nd5 f5 26. Rab1 fxe4 27. Rxf7 Bxd5 28.
Rxf8+ Bxf8 29. cxd5 1-0

[Event "Early-Titled-Tuesday-Blitz-October-10-2023"]
[Site "Chess.com"]
[Date "2023.10.10"]
[Round "5"]
[White "abelmat"]
[Black "KejJaj"]
[Result "1-0"]
[WhiteElo "1948"]
[BlackElo "2170"]
[TimeControl "180+1"]
[EndTime "8:53:23 PDT"]
[Termination "abelmat won by resignation"]

1. d4 f5 2. c4 Nf6 3. Bg5 e6 4. Nc3 h6 5. Bxf6 Qxf6 6. e4 fxe4 7. Nxe4 Qg6 8. Nc3 Bb4 9. Nf3 b6 10. Bd3 Qh5 11. O-O Nc6 12. d5 Bxc3 13. bxc3 Ne7 14. Be4 Rb8 15. d6 Nc6 16. dxc7 Ra8 17. Bxc6 dxc6 18.
Qd8+ Kf7 19. Qxh8 Bb7 20. Qh7 c5 21. Qd3 Bc6 22. Rae1 Re8 23. Ne5+ Kg8 24. Nxc6 Qg4 25. Nd8 e5 26. Qd5+ Kh8 27. Qf7 Rg8 28. Rxe5 Qc8 29.
Re8 Rxe8 30. Qxe8+ Kh7 31. Qe4+ Kh8 32. Ne6 Kg8 33. Qd5 Kh8 34. Qd8+ 1-0

[Event "Early-Titled-Tuesday-Blitz-October-10-2023"]
[Site "Chess.com"]
[Date "2023.10.10"]
[Round "5"]
[White "boasovietica"]
[Black "HanSchut"]
[Result "1-0"]
[WhiteElo "2524"]
[BlackElo "2350"]
[TimeControl "180+1"]
[EndTime "8:53:27 PDT"]
[Termination "boasovietica won on time"]

1. e4 c5 2. Nf3 d6 3. d4 cxd4 4. Nxd4 Nf6 5. Nc3 a6 6. Be3 e5 7.
Nf3 Qc7 8. a4 Be6 9. a5 Nbd7 10.
Nd5 Nxd5 11. exd5 Bg4 12. c4 e4 13. h3 exf3 14. hxg4 fxg2 15. Bxg2 Qxc4 16. Rc1 Qb5 17. Rh3 Ne5 18. Bd4 Be7 19. f4 Ng6 20. Qd2 Bh4+ 21. Kd1 O-O 22. f5 h6 23. fxg6 Bg5 24. Be3 Bxe3 25.
Qxe3 1-0

[Event "Early-Titled-Tuesday-Blitz-October-10-2023"]
[Site "Chess.com"]
[Date "2023.10.10"]
[Round "5"]
[White "lamomiajunior"]
[Black "Eloist"]
[Result "1-0"]
[WhiteElo "2712"]
[BlackElo "2432"]
[TimeControl "180+1"]
[EndTime "8:53:28 PDT"]
[Termination "lamomiajunior won on time"]

1. d4 e6 2. c4 Nf6 3. Nc3 Bb4 4. e3 c5 5. Ne2 d5 6. a3 Ba5 7. cxd5 Nxd5 8. dxc5 Nxc3 9. Qxd8+ Kxd8 10. Nxc3 Bxc3+ 11. bxc3 Bd7 12. e4 Bc6 13. f3 Nd7 14. Be3 Ke7 15. Be2 Rac8 16. Kf2 Rc7 17. Rab1 Rd8 18. Rhd1 Ne5 19.
Rxd8 Kxd8 20. Bd4 f6 21. h4 Ke7 22. g4 Nd7 23. g5 e5 24. Be3 Nf8 25. h5 Ne6 26.
gxf6+ Kxf6 27. Bc4 Rd7 28. Bd5 Rc7 29. Bxc6 Rxc6 30.
Rxb7 Ra6 31. Rb3 Rc6 32. Rb5 Nc7 33. Ra5 a6 34. Ke2 Nb5 35. Kd3 g6 36. hxg6 Kxg6 37.
Kc4 Nc7 38. Ra4 h5 39. Rb4 h4 40. Rb6 Rf6 41. c6 h3 42. Rb1 Rf7 43. Bb6 Na8 44.
Bd8 Rxf3 45. Rh1 Kh5 46. c7 Nxc7 47. Bxc7 Re3 48. Kd5 1-0

[Event "Early-Titled-Tuesday-Blitz-October-10-2023"]
[Site "Chess.com"]
[Date "2023.10.10"]
[Round "5"]
[White "valemava"]
[Black "Sergey85Rodchenkov"]
[Result "0-1"]
[WhiteElo "2268"]
[BlackElo "2502"]
[TimeControl "180+1"]
[EndTime "8:53:28 PDT"]
[Termination "Sergey85Rodchenkov won by checkmate"]

1. Nf3 d5 2. c4 dxc4 3. e3 Nf6 4.
Bxc4 a6 5. a4 e6 6. O-O c5 7. d4 Nc6 8. dxc5 Qc7 9. Qe2 Bxc5 10. b3 O-O 11. Bb2 e5 12. h3 Bf5 13. Nc3 Rad8 14.
e4 Be6 15. Nd5 Nxd5 16. exd5 Bxd5 17. Bxd5 Rxd5 18. Rac1 Qe7 19. Qe4 Rfd8 20. Rfe1 f6 21. Nh4 Rd2 22. Nf5 Bxf2+ 23. Kh1 Qd7 24. Ba3 Bxe1 25.
Rxe1 Rd1 26. Kh2 Rxe1 27. Qg4 g6 28. Nh6+ Kg7 29. Qh4 Qd1 30. Ng4 Rh1+ 31. Kg3 Rd3+ 32. Ne3 Rxe3+ 33. Kf2 Qe1# 0-1

[Event "Early-Titled-Tuesday-Blitz-October-10-2023"]
[Site "Chess.com"]
[Date "2023.10.10"]
[Round "5"]
[White "JSlaby"]
[Black "sergiochess83"]
[Result "0-1"]
[WhiteElo "2579"]
[BlackElo "2881"]
[TimeControl "180+1"]
[EndTime "8:53:29 PDT"]
[Termination "sergiochess83 won by resignation"]

1. e4 c5 2. Nc3 e6 3. f4 d5 4.
Nf3 dxe4 5. Nxe4 Nc6 6. Bb5 Bd7 7. O-O a6 8. Bxc6 Bxc6 9. Qe2 Nf6 10. Nxf6+ gxf6 11. d3 Qd5 12. Be3 O-O-O 13. Rad1 Rg8 14.
c4 Qh5 15. a3 Bd6 16. Rf2 e5 17. fxe5 fxe5 18. b4 e4 19. dxe4 Bxh2+ 20. Kf1 Bg3 21.
Rxd8+ Rxd8 22. Bxc5 Bxf2 23. Kxf2 Qg4 24. e5 Rg8 25.
Ne1 Qxe2+ 26. Kxe2 Bxg2 27. Be7 h5 28. a4 Bh3 29. b5 Be6 30. Kd3 Rg4 31. c5 axb5 32.
axb5 Bc4+ 33. Ke3 Bxb5 34. Nf3 Bc6 35. Nd4 h4 36. e6 fxe6 37. Bd6 Bd5 0-1

[Event "Early-Titled-Tuesday-Blitz-October-10-2023"]
[Site "Chess.com"]
[Date "2023.10.10"]
[Round "5"]
[White "gueraumasague"]
[Black "Efremov_Vlad"]
[Result "0-1"]
[WhiteElo "2517"]
[BlackElo "2345"]
[TimeControl "180+1"]
[EndTime "8:53:29 PDT"]
[Termination "Efremov_Vlad won by resignation"]

1. e4 c5 2. Nc3 e6 3. f4 d5 4.
Bb5+ Bd7 5. Bxd7+ Qxd7 6. Nf3 Nc6 7. d3 Nge7 8. O-O g6 9. Qe1 Bg7 10. Nd1 O-O 11. Ne3 f5 12. e5 b5 13. Kh1 a5 14. c3 b4 15. d4 cxd4 16. cxd4 Rfc8 17. Qf2 Nd8 18. Bd2 Qb5 19. h3 Bf8 20. g4 Qd3 21. Kh2 Rc7 22. Rad1 Qb5 23. gxf5 exf5 24. h4 Bh6 25. Qg3 Ne6 26. Ng2 Ng7 27. Ng5 Bxg5 28. fxg5 Ne6 29. Be3 Rac8 30. Rf2 Rc2 31. h5 f4 32.
Nxf4 Nf5 33. Qf3 Nxg5 34. Qxd5+ Qxd5 35. Nxd5 Nxe3 36. Ne7+ Kg7 37. Kg3 Ne4+ 38. Kf4 Nxf2 39. Rg1 Rf8+ 40. Kxe3 Nh3 41. hxg6 Nxg1 0-1

[Event "Early-Titled-Tuesday-Blitz-October-10-2023"]
[Site "Chess.com"]
[Date "2023.10.10"]
[Round "5"]
[White "stepanosinovsky"]
[Black "QueenOfTactics90"]
[Result "0-1"]
[WhiteElo "2381"]
[BlackElo "2113"]
[TimeControl "180+1"]
[EndTime "8:53:29 PDT"]
[Termination "QueenOfTactics90 won on time"]

1. Nf3 c5 2. g3 Nc6 3. Bg2 g6 4. O-O Bg7 5. d3 e6 6. Nbd2 Nge7 7. e4 d5 8. exd5 exd5 9. Re1 O-O 10. c4 d4 11. a3 h6 12. b4 cxb4 13. axb4 Nxb4 14. Nb3 Nec6 15. Ra4 Bf5 16. Ba3 a5 17. Nh4 Bd7 18. Nc5 b6 19. Bxb4 Nxb4 20. Nxd7 Qxd7 21. Bxa8 Rxa8 22. Ra1 a4 23. Qe2 Bf8 24. Ng2 a3 25.
Nf4 a2 26. Qe4 Ra3 27. Re2 Qa4 28. Nd5 Nc2 29. Nf6+ Kh8 30. Qe8 Qxe8 31. Rxe8 Kg7 32. Nd7 Nxa1 0-1

[Event "Early-Titled-Tuesday-Blitz-October-10-2023"]
[Site "Chess.com"]
[Date "2023.10.10"]
[Round "5"]
[White "Hasangatin_Ramil"]
[Black "sergoy"]
[Result "0-1"]
[WhiteElo "2722"]
[BlackElo "3011"]
[TimeControl "180+1"]
[EndTime "8:53:34 PDT"]
[Termination "sergoy won by resignation"]

1. e4 c5 2. Nf3 d6 3. d4 cxd4 4. Qxd4 Nf6 5. Bb5+ Nc6 6. Nc3 Bd7 7. Bxc6 Bxc6 8.
Bg5 e6 9. O-O-O Be7 10. Rhe1 O-O 11. Qd2 Qa5 12. Nd4 Rac8 13. Kb1 Bd7 14. Nd5 Qd8 15. Nxe7+ Qxe7 16. Qf4 h6 17. Bxf6 Qxf6 18. Qxf6 gxf6 19. Rd3 Rfd8 20. Red1 Be8 21. Nb3 Bc6 22. f3 d5 23.
Na5 Re8 24. Nxc6 bxc6 25. Ra3 Rc7 26. Ra6 Kf8 27. b3 Ke7 28. Kb2 h5 29. Ra4 Rg8 30.
Rd2 Rg5 31. Kc1 f5 32. f4 Rg4 33. exf5 exf5 34. Re2+ Kf6 35. Kd2 h4 36. Ke1 c5 37.
Kf2 c4 38. Ra5 Rxf4+ 39. Ke1 Rd7 40. Rd2 Re4+ 41. Kf2 Ke5 0-1

[Event "Early-Titled-Tuesday-Blitz-October-10-2023"]
[Site "Chess.com"]
[Date "2023.10.10"]
[Round "5"]
[White "DrVelja"]
[Black "GeorgiosSouleidis"]
[Result "1-0"]
[WhiteElo "2839"]
[BlackElo "2646"]
[TimeControl "180+1"]
[EndTime "8:53:34 PDT"]
[Termination "DrVelja won by checkmate"]

1. e4 c5 2. Nf3 e6 3. c3 d5 4.
exd5 exd5 5. d4 Nf6 6. Be2 Nc6 7. O-O Be7 8. dxc5 Bxc5 9. Nbd2 h6 10. Nb3 Bb6 11. a4 a6 12. h3 O-O 13. Bd3 Re8 14. Bf4 Ne4 15. Nbd4 Nxd4 16. Nxd4 Bxd4 17. cxd4 Bf5 18.
Qb3 Qd7 19. Rfe1 Rac8 20. a5 Nf6 21. Bf1 Ne4 22. f3 Nf6 23. Be5 Nh7 24. Rac1 Nf8 25. Qb6 Ne6 26. Rc3 f6 27. Bg3 Nf8 28. Rxe8 Rxe8 29.
Rc7 Qa4 30. Qxb7 Qxd4+ 31. Bf2 Qf4 32. Rxg7+ Kh8 33. Qf7 Qe5 34. Qg8# 1-0